TOP OF THE 1ST |
Detroit Red Wings batting - Pitching for Trois-Riveres Aigles : RHP Jesus Valdivia
|
Pitching: RHP Jesus Valdivia
|
|
Batting: RHB Janne Vihko
|
0-0: SINGLE (Line Drive, 5D, EV 96.9 MPH)
|
Batting: RHB Seth Fox
|
0-0: Ball 1-0: Foul Ball, location: 2F 1-1: Foul Ball, location: 2F 1-2: Ball 2-2: Foul Ball, location: 2F 2-2: Ball 3-2: Base on Balls Janne Vihko to second
|
Batting: RHB Jorge Lebron
|
0-0: 3-RUN HOME RUN (Flyball, 78XD, EV 100.0 MPH), Distance : 430 ft
|
Batting: SHB Eisse Wijnja
|
0-0: Ball 1-0: Called Strike 1-1: Swinging Strike 1-2: Foul Ball, location: 2F 1-2: Foul Ball, location: 2F 1-2: Foul Ball, location: 2F 1-2: Foul Ball, location: 2F 1-2: Ball 2-2: Foul Ball, location: 2F 2-2: Foul Ball, location: 2F 2-2: Fly out, F9 (Flyball, 9, EV 83.8 MPH)
|
Batting: RHB Yankel Pensak
|
0-0: Ball 1-0: Called Strike 1-1: Ball 2-1: Fly out, F9 (Flyball, 9S, EV 90.0 MPH)
|
Batting: SHB Franklin Garza
|
0-0: Called Strike 0-1: Foul Ball, location: 2F 0-2: SINGLE (Line Drive, 89S, EV 106.9 MPH)
|
Batting: RHB Juan Perez
|
0-0: Ball 1-0: Ball 2-0: Ball 3-0: Base on Balls Franklin Garza to second
|
Batting: LHB Iestyn Peacock
|
0-0: Ball 1-0: Foul Ball, location: 2F 1-1: Swinging Strike 1-2: Strikes out swinging
|
Top of the 1st over - 3 runs, 3 hits, 0 errors, 2 left on base; Detroit 3 - Trois-Riveres 0 |
BOTTOM OF THE 1ST |
Trois-Riveres Aigles batting - Pitching for Detroit Red Wings : RHP Edwin Marquez
|
Pitching: RHP Edwin Marquez
|
|
Batting: RHB Wan-ling Zhu
|
0-0: Ground out 5-3 (Groundball, 56S, EV 71.2 MPH)
|
Batting: SHB Luis Verduzco
|
0-0: Called Strike 0-1: Ball 1-1: Ball 2-1: Ball 3-1: Foul Ball, location: 2F 3-2: Base on Balls
|
Batting: RHB Jason Penfield
|
0-0: Ball 1-0: Ball 2-0: Foul Ball, location: 2F 2-1: Foul Ball, location: 2F 2-2: Foul Ball, location: 2F 2-2: Grounds into double play, 5-4-3 (Groundball, 56S, EV 88.1 MPH)
|
Bottom of the 1st over - 0 runs, 0 hits, 0 errors, 0 left on base; Detroit 3 - Trois-Riveres 0 |
TOP OF THE 2ND |
Detroit Red Wings batting - Pitching for Trois-Riveres Aigles : RHP Jesus Valdivia
|
Batting: SHB Salvador Lacosta
|
0-0: Swinging Strike 0-1: Called Strike 0-2: Foul Ball, location: 2F 0-2: Foul Ball, location: 2F 0-2: Ground out 4-3 (Groundball, 4M, EV 89.4 MPH)
|
Batting: RHB Janne Vihko
|
0-0: Called Strike 0-1: Foul Ball, location: 2F 0-2: Ball 1-2: Strikes out swinging
|
Batting: RHB Seth Fox
|
0-0: Ball 1-0: Swinging Strike 1-1: Foul Ball, location: 2F 1-2: Ball 2-2: Ball 3-2: Base on Balls
|
Batting: RHB Jorge Lebron
|
0-0: Called Strike 0-1: Called Strike 0-2: Ball 1-2: Foul Ball, location: 2F 1-2: Ball 2-2: Ball 3-2: Foul Ball, location: 2F 3-2: Fly out, F7 (Flyball, 7LM, EV 91.9 MPH)
|
Top of the 2nd over - 0 runs, 0 hits, 0 errors, 1 left on base; Detroit 3 - Trois-Riveres 0 |
BOTTOM OF THE 2ND |
Trois-Riveres Aigles batting - Pitching for Detroit Red Wings : RHP Edwin Marquez
|
Batting: RHB Ryan Holzwart
|
0-0: Ball 1-0: Foul Ball, location: 2F 1-1: Foul Ball, location: 2F 1-2: Reached on error, E5 (Groundball, 56, EV 85.0 MPH)
|
Batting: SHB Omar Cervantes
|
0-0: Fly out, F7 (Flyball, 78S, EV 83.1 MPH)
|
Batting: RHB Alex Zamora
|
0-0: Called Strike Ryan Holzwart is caught stealing 2nd base 2-4 0-1: Ball 1-1: Foul Ball, location: 2F 1-2: Foul Ball, location: 2F 1-2: Foul Ball, location: 2F 1-2: Strikes out swinging
|
Bottom of the 2nd over - 0 runs, 0 hits, 1 error, 0 left on base; Detroit 3 - Trois-Riveres 0 |
TOP OF THE 3RD |
Detroit Red Wings batting - Pitching for Trois-Riveres Aigles : RHP Jesus Valdivia
|
Batting: SHB Eisse Wijnja
|
0-0: Called Strike 0-1: Ball 1-1: Fly out, F8 (Flyball, 78S, EV 93.1 MPH)
|
Batting: RHB Yankel Pensak
|
0-0: Ball 1-0: DOUBLE (Line Drive, 78D, EV 110.0 MPH)
|
Batting: SHB Franklin Garza
|
0-0: Foul Ball, location: 2F 0-1: Foul Ball, location: 2F 0-2: Foul Ball, location: 2F 0-2: Ball 1-2: Strikes out looking
|
Batting: RHB Juan Perez
|
0-0: Ball 1-0: Ball 2-0: Called Strike 2-1: Ball 3-1: Called Strike 3-2: Strikes out looking
|
Top of the 3rd over - 0 runs, 1 hit, 0 errors, 1 left on base; Detroit 3 - Trois-Riveres 0 |
BOTTOM OF THE 3RD |
Trois-Riveres Aigles batting - Pitching for Detroit Red Wings : RHP Edwin Marquez
|
Batting: RHB Tim Dower
|
0-0: Foul Ball, location: 2F 0-1: Foul Ball, location: 2F 0-2: Strikes out swinging, 2-3 out at first.
|
Batting: RHB Bogumil Filipowski
|
0-0: Ball 1-0: Ball 2-0: Called Strike 2-1: Swinging Strike 2-2: Strikes out swinging
|
Batting: RHB Sandoval Serzedelo
|
0-0: Ball 1-0: Called Strike 1-1: Fly out, F5 (Popup, 56S, EV 78.1 MPH)
|
Bottom of the 3rd over - 0 runs, 0 hits, 0 errors, 0 left on base; Detroit 3 - Trois-Riveres 0 |
TOP OF THE 4TH |
Detroit Red Wings batting - Pitching for Trois-Riveres Aigles : RHP Jesus Valdivia
|
Batting: LHB Iestyn Peacock
|
0-0: Ball 1-0: Fly out, F9 (Flyball, 89S, EV 90.6 MPH)
|
Batting: SHB Salvador Lacosta
|
0-0: Called Strike 0-1: SOLO HOME RUN (Flyball, 9D, EV 97.5 MPH), Distance : 395 ft
|
Batting: RHB Janne Vihko
|
0-0: Ball 1-0: SINGLE (Groundball, 6MS, EV 73.8 MPH) (infield hit)
|
Batting: RHB Seth Fox
|
0-0: Called Strike 0-1: Swinging Strike 0-2: Foul Ball, location: 2F 0-2: Ball Janne Vihko steals 2nd base (no throw) 1-2: Ball 2-2: Strikes out swinging
|
Batting: RHB Jorge Lebron
|
0-0: Fly out, F9 (Line Drive, 9, EV 93.1 MPH)
|
Top of the 4th over - 1 run, 2 hits, 0 errors, 1 left on base; Detroit 4 - Trois-Riveres 0 |
BOTTOM OF THE 4TH |
Trois-Riveres Aigles batting - Pitching for Detroit Red Wings : RHP Edwin Marquez
|
Batting: RHB Wan-ling Zhu
|
0-0: Ball 1-0: Foul Ball, location: 2F 1-1: Foul Ball, location: 2F 1-2: Ball 2-2: Foul Ball, location: 2F 2-2: Ball 3-2: Ground out 4-3 (Groundball, 4, EV 89.4 MPH)
|
Batting: SHB Luis Verduzco
|
0-0: Foul Ball, location: 2F 0-1: Ball 1-1: Ball 2-1: Ball 3-1: Foul Ball, location: 2F 3-2: Fly out, F9 (Flyball, 9, EV 85.6 MPH)
|
Batting: RHB Jason Penfield
|
0-0: Ball 1-0: Foul Ball, location: 2F 1-1: Called Strike 1-2: Strikes out swinging
|
Bottom of the 4th over - 0 runs, 0 hits, 0 errors, 0 left on base; Detroit 4 - Trois-Riveres 0 |
TOP OF THE 5TH |
Detroit Red Wings batting - Pitching for Trois-Riveres Aigles : RHP Jesus Valdivia
|
Batting: SHB Eisse Wijnja
|
0-0: Ball 1-0: Foul Ball, location: 2F 1-1: Called Strike 1-2: Foul Ball, location: 2F 1-2: Ball 2-2: Strikes out looking
|
Batting: RHB Yankel Pensak
|
0-0: Called Strike 0-1: Ball 1-1: Ball 2-1: Fly out, F8 (Flyball, 8RXD, EV 98.8 MPH)
|
Batting: SHB Franklin Garza
|
0-0: Swinging Strike 0-1: Ball 1-1: Swinging Strike 1-2: Strikes out swinging
|
Top of the 5th over - 0 runs, 0 hits, 0 errors, 0 left on base; Detroit 4 - Trois-Riveres 0 |
BOTTOM OF THE 5TH |
Trois-Riveres Aigles batting - Pitching for Detroit Red Wings : RHP Edwin Marquez
|
Batting: RHB Ryan Holzwart
|
0-0: Ground out 5-3 (Groundball, 56, EV 108.8 MPH)
|
Batting: SHB Omar Cervantes
|
0-0: Foul Ball, location: 2F 0-1: Fly out, F7 (Flyball, 78S, EV 86.2 MPH)
|
Batting: RHB Alex Zamora
|
0-0: SINGLE (Line Drive, 7S, EV 99.4 MPH)
|
Batting: RHB Tim Dower
|
0-0: Foul Ball, location: 2F 0-1: Ball 1-1: Ball 2-1: 2-RUN HOME RUN (Line Drive, 7D, EV 110.6 MPH), Distance : 401 ft
|
Batting: RHB Bogumil Filipowski
|
0-0: Called Strike 0-1: Ball 1-1: Ground out 4-3 (Groundball, 4, EV 84.4 MPH)
|
Bottom of the 5th over - 2 runs, 2 hits, 0 errors, 0 left on base; Detroit 4 - Trois-Riveres 2 |
TOP OF THE 6TH |
Detroit Red Wings batting - Pitching for Trois-Riveres Aigles : RHP Jesus Valdivia
|
Batting: RHB Juan Perez
|
0-0: Ball 1-0: Foul Ball, location: 2F 1-1: Ball 2-1: Ball 3-1: Called Strike 3-2: Fly out, F9 (Flyball, 9S, EV 76.9 MPH)
|
Batting: LHB Iestyn Peacock
|
0-0: Foul Ball, location: 2F 0-1: Ball 1-1: Ball 2-1: Called Strike 2-2: Foul Ball, location: 2F 2-2: Ball 3-2: Base on Balls
|
Pitching: RHP J.P. Tesauro
|
|
Batting: SHB Salvador Lacosta
|
0-0: Fielders Choice at 2nd, 6-4 (Groundball, 6, EV 85.0 MPH)
|
Batting: RHB Janne Vihko
|
0-0: Foul Ball, location: 2F 0-1: Ball 1-1: SINGLE (Line Drive, 34D, EV 106.9 MPH) Salvador Lacosta to second
|
Batting: RHB Seth Fox
|
0-0: Ground out 5-3 (Groundball, 5L, EV 106.9 MPH)
|
Top of the 6th over - 0 runs, 1 hit, 0 errors, 2 left on base; Detroit 4 - Trois-Riveres 2 |
BOTTOM OF THE 6TH |
Trois-Riveres Aigles batting - Pitching for Detroit Red Wings : RHP Edwin Marquez
|
Batting: RHB Sandoval Serzedelo
|
0-0: Ball 1-0: TRIPLE (Flyball, 89XD, EV 100.6 MPH)
|
Batting: RHB Wan-ling Zhu
|
0-0: Ball 1-0: Called Strike 1-1: Ball 2-1: Ball 3-1: Foul Ball, location: 2F 3-2: Strikes out looking
|
Batting: SHB Luis Verduzco
|
0-0: Called Strike 0-1: Ball 1-1: Ball 2-1: Fly out, F5 (Popup, 25F, EV 87.5 MPH)
|
Batting: RHB Jason Penfield
|
0-0: Ball 1-0: Foul Ball, location: 2F 1-1: Ball 2-1: Ball 3-1: Foul Ball, location: 2F 3-2: Strikes out looking
|
Bottom of the 6th over - 0 runs, 1 hit, 0 errors, 1 left on base; Detroit 4 - Trois-Riveres 2 |
TOP OF THE 7TH |
Detroit Red Wings batting - Pitching for Trois-Riveres Aigles : RHP J.P. Tesauro
|
Batting: RHB Jorge Lebron
|
0-0: Ball 1-0: Swinging Strike 1-1: Ball 2-1: Ball 3-1: Swinging Strike 3-2: Strikes out swinging
|
Batting: SHB Eisse Wijnja
|
0-0: Ball 1-0: Ball 2-0: Called Strike 2-1: SINGLE (Groundball, 5D, EV 94.4 MPH)
|
Batting: RHB Yankel Pensak
|
0-0: Ball 1-0: Ball 2-0: Ball 3-0: Called Strike 3-1: Fly out, F7 (Flyball, 7LS, EV 99.4 MPH)
|
Batting: SHB Franklin Garza
|
0-0: Ball 1-0: Foul Ball, location: 2F 1-1: Foul Ball, location: 2F 1-2: Ball 2-2: Ball 3-2: Foul Ball, location: 2F 3-2: Foul Ball, location: 2F 3-2: Base on Balls Eisse Wijnja to second
|
Batting: RHB Juan Perez
|
0-0: Called Strike 0-1: Ball 1-1: Hit by Pitch Eisse Wijnja to third Franklin Garza to second
|
Batting: LHB Iestyn Peacock
|
0-0: Ball 1-0: Called Strike 1-1: SINGLE (Line Drive, 4D, EV 95.0 MPH) Eisse Wijnja scores Franklin Garza to third Juan Perez to second Runner from 3rd tries for Home, throw by RF and OUT! 9-2
|
Top of the 7th over - 1 run, 2 hits, 0 errors, 2 left on base; Detroit 5 - Trois-Riveres 2 |
BOTTOM OF THE 7TH |
Trois-Riveres Aigles batting - Pitching for Detroit Red Wings : RHP Edwin Marquez
|
Batting: RHB Ryan Holzwart
|
0-0: Ground out 1-3 (Groundball, 15S, EV 78.1 MPH)
|
Batting: SHB Omar Cervantes
|
0-0: Ball 1-0: Ball 2-0: Called Strike 2-1: Ground out 5-3 (Groundball, 56S, EV 91.9 MPH)
|
Batting: RHB Alex Zamora
|
0-0: Ball 1-0: Ball 2-0: Ball 3-0: Base on Balls
|
Pitching: RHP Leon Benitez
|
|
Batting: RHB Tim Dower
|
0-0: Called Strike 0-1: SINGLE (Flyball, 4D, EV 88.8 MPH) Alex Zamora to second
|
Pinch Hitting: RHB Dave Galloway
|
0-0: Foul Ball, location: 2F 0-1: Ball 1-1: Ball 2-1: Ball 3-1: Foul Ball, location: 2F 3-2: Fly out, F8 (Flyball, 8RM, EV 90.0 MPH)
|
Bottom of the 7th over - 0 runs, 1 hit, 0 errors, 2 left on base; Detroit 5 - Trois-Riveres 2 |
TOP OF THE 8TH |
Detroit Red Wings batting - Pitching for Trois-Riveres Aigles : RHP J.P. Tesauro
|
Now at 1B: Dave Galloway
|
|
Now at 3B: Jason Penfield
|
|
Batting: SHB Salvador Lacosta
|
0-0: SINGLE (Groundball, 4MS, EV 70.0 MPH) (infield hit)
|
Batting: RHB Janne Vihko
|
0-0: Called Strike 0-1: Bunted foul 0-2: Grounds into double play, 4-6-3 (Groundball, 4, EV 80.6 MPH)
|
Batting: RHB Seth Fox
|
0-0: SINGLE (Flyball, 5D, EV 88.8 MPH)
|
Pitching: LHP Kazuyoshi Miyazaki
|
|
Batting: RHB Jorge Lebron
|
0-0: Called Strike 0-1: Ball 1-1: Ball 2-1: Foul Ball, location: 2F 2-2: Ball 3-2: Strikes out swinging
|
Top of the 8th over - 0 runs, 2 hits, 0 errors, 1 left on base; Detroit 5 - Trois-Riveres 2 |
BOTTOM OF THE 8TH |
Trois-Riveres Aigles batting - Pitching for Detroit Red Wings : RHP Leon Benitez
|
Pinch Hitting: LHB Ian Cranton
|
0-0: Ball 1-0: Ball 2-0: Ball 3-0: Called Strike 3-1: Base on Balls
|
Pinch Hitting: RHB Joe Hartigan
|
0-0: Ball 1-0: 2-RUN HOME RUN (Flyball, 78XD, EV 111.2 MPH), Distance : 432 ft
|
Pinch Hitting: RHB Kyler Seitz
|
0-0: Called Strike 0-1: Foul Ball, location: 2F 0-2: Ball 1-2: Ball 2-2: Foul Ball, location: 2F 2-2: Ball 3-2: SOLO HOME RUN (Flyball, 78XD, EV 108.8 MPH), Distance : 438 ft
|
Pitching: RHP Mike Santana
|
|
Batting: RHB Jason Penfield
|
0-0: Called Strike 0-1: Ball 1-1: Ball 2-1: Foul Ball, location: 2F 2-2: SINGLE (Line Drive, 78S, EV 108.1 MPH)
|
Batting: RHB Ryan Holzwart
|
0-0: Ball 1-0: Swinging Strike 1-1: Swinging Strike 1-2: Fly out, F8 (Flyball, 89D, EV 86.9 MPH)
|
Batting: SHB Omar Cervantes
|
0-0: Foul Ball, location: 2F 0-1: Called Strike 0-2: Strikes out looking
|
Batting: RHB Alex Zamora
|
0-0: Ball 1-0: Swinging Strike 1-1: Ground out 4-3 (Groundball, 13, EV 90.6 MPH)
|
Bottom of the 8th over - 3 runs, 3 hits, 0 errors, 1 left on base; Detroit 5 - Trois-Riveres 5 |
TOP OF THE 9TH |
Detroit Red Wings batting - Pitching for Trois-Riveres Aigles : LHP Kazuyoshi Miyazaki
|
Now at 2B: Jason Penfield
|
|
Now at 3B: Willie Acevedo
|
|
Now in LF: Joe Hartigan
|
|
Now in RF: Gilbert Hoareau
|
|
Batting: SHB Eisse Wijnja
|
0-0: Called Strike 0-1: Ball 1-1: SINGLE (Groundball, 34, EV 94.4 MPH)
|
Batting: RHB Yankel Pensak
|
0-0: Called Strike 0-1: Ball 1-1: Ball 2-1: Foul Ball, location: 2F 2-2: Ball 3-2: Foul Ball, location: 2F 3-2: Base on Balls Eisse Wijnja to second
|
Pinch Hitting: LHB Jamie Christian
|
0-0: Ball 1-0: Ball Wild Pitch! Eisse Wijnja to third Yankel Pensak to second 2-0: 3-RUN HOME RUN (Flyball, 9D, EV 100.0 MPH), Distance : 379 ft
|
Pitching: LHP John Schmidt
|
|
Batting: RHB Juan Perez
|
0-0: Called Strike 0-1: Ball 1-1: Foul Ball, location: 2F 1-2: Strikes out swinging
|
Batting: LHB Iestyn Peacock
|
0-0: Foul Ball, location: 2F 0-1: Ball 1-1: Called Strike 1-2: Strikes out swinging, 2-3 out at first.
|
Batting: SHB Salvador Lacosta
|
0-0: Called Strike 0-1: Foul Ball, location: 2F 0-2: Ball 1-2: Ball 2-2: Foul Ball, location: 2F 2-2: Strikes out swinging
|
Top of the 9th over - 3 runs, 2 hits, 0 errors, 0 left on base; Detroit 8 - Trois-Riveres 5 |
BOTTOM OF THE 9TH |
Trois-Riveres Aigles batting - Pitching for Detroit Red Wings : RHP Mike Santana
|
Pitching: RHP Denzel McPherson
|
|
Now at 1B: Jamie Christian
|
|
Batting: RHB Tim Dower
|
0-0: Ball 1-0: Called Strike 1-1: Ball 2-1: Ball 3-1: Base on Balls
|
Batting: RHB Dave Galloway
|
0-0: Called Strike 0-1: Foul Ball, location: 2F 0-2: Strikes out swinging
|
Pinch Hitting: RHB Gabe Wilcoxon
|
0-0: Ball 1-0: Called Strike 1-1: Ball 2-1: Foul Ball, location: 2F 2-2: TRIPLE (Flyball, 89XD, EV 95.6 MPH) Tim Dower scores
|
Batting: RHB Joe Hartigan
|
0-0: Ball 1-0: Ball 2-0: Ball 3-0: Base on Balls
|
Pinch Hitting: RHB Matt Fritz
|
0-0: Foul Ball, location: 2F 0-1: Ball 1-1: Ball 2-1: Called Strike 2-2: Ball 3-2: Grounds into double play, 4-6-3 (Groundball, 4M, EV 103.1 MPH)
|
Bottom of the 9th over - 1 run, 1 hit, 0 errors, 1 left on base; Detroit 8 - Trois-Riveres 6 |
|